 Dungeon Crawl Stone Soup version 0.16.1-51-g6203257 (webtiles) character file.

78129 Gargoyl the Severer (level 15, -10/100 HPs)
             Began as a Gargoyle Berserker on July 29, 2015.
             Was the Champion of Trog.
             Blown up by an orb spider (53 damage)
             ... with an orb of destruction
             ... on level 2 of the Spider Nest on July 30, 2015.
             The game lasted 01:40:50 (23053 turns).

Gargoyl the Severer (Gargoyle Berserker)           Turns: 23053, Time: 01:40:50

Health: -10/100    AC: 39    Str: 28    XL:     15   Next: 59%
Magic:  15/15      EV: 11    Int: 15    God:    Trog [******]
Gold:   443        SH: 12    Dex: 12    Spells: 0 memorised, 14 levels left

rFire  + . .     SeeInvis .     J - +4 war axe (elec)
rCold  . . .     Clarity  .     e - +0 plate armour
rNeg   + . .     SustAb   .     m - +0 shield
rPois  ∞         Gourm    .     H - +2 hat {MR+}
rElec  +         Spirit   .     v - +0 cloak
rCorr  .         Warding  .     u - +3 pair of gloves "Emugiwk" {rPois MR- Int+8}
rMut   .         Rnd*Tele +     I - +0 pair of boots
MR     +++..                    W - amulet of the Commoners {rF+ Regen+}
Stlth  ..........               D - +2 ring of protection
                                O - +3 ring of dexterity

@: flying, regenerating, studying Axes, extremely resistant to hostile
enchantments, extremely unstealthy
A: able to fly continuously, big wings, beak, blurry vision 1, negative energy
resistance 1, electricity resistance, teleportitis 1, unbreathing, petrification
resistance, rot immunity, AC +11
a: Stop Flying, Burn Spellbooks, Berserk, Trog's Hand, Brothers in Arms,
Renounce Religion


You were on level 2 of the Spider Nest.
You worshipped Trog.
Trog was exalted by your worship.
You were not hungry.

You visited 3 branches of the dungeon, and saw 21 of its levels.
You also visited: Ossuary.

You collected 1320 gold pieces.
You spent 877 gold pieces at shops.

Inventory:

Hand weapons
 y - a +0 long sword of holy wrath
 J - a +4 war axe of electrocution (weapon)
 L - a +3 war axe
 T - a +1 flail of draining
Missiles
 w - 3 tomahawks of returning (quivered)
 N - 6 tomahawks of dispersal
Armour
 e - a +0 plate armour (worn)
 m - a +0 shield (worn)
 u - the +3 pair of gloves "Emugiwk" (worn) {rPois MR- Int+8}
   (You bought it in a shop on level 5 of the Dungeon)

   It affects your intelligence (+8).
   It protects you from poison.
   It affects your resistance to hostile enchantments.
 v - a +0 cloak (worn)
 H - a +2 hat of magic resistance (worn)
 I - a +0 pair of boots (worn)
Jewellery
 h - an uncursed ring of protection from cold
 s - an uncursed ring of sustain abilities
 z - an uncursed ring of wizardry {unknown}
 D - a +2 ring of protection (right hand)
 O - a +3 ring of dexterity (left hand)
 W - the amulet of the Commoners (around neck) {rF+ Regen+}
   (You found it on level 7 of the Lair of Beasts)

   [amulet of regeneration]

   It protects you from fire.
   It increases your rate of regeneration.
Magical devices
 i - a wand of random effects (26)
 E - a wand of digging (10)
Scrolls
 b - 5 scrolls of fear
 c - 8 scrolls of teleportation
 d - 6 scrolls of remove curse
 g - a scroll of holy word
 j - 7 scrolls of magic mapping
 n - a scroll of blinking
 C - 4 scrolls of recharging
 S - 3 scrolls of fog
Potions
 f - 6 potions of restore abilities
 k - a potion of might
 l - 4 potions of cancellation
 p - 4 potions of ambrosia
 r - 3 potions of agility
 t - 5 potions of curing
 A - 2 potions of heal wounds
 B - a potion of invisibility
 Q - a potion of haste
Books
 F - a manual of Axes
 U - a book of the Sky

   Spells                             Type                      Level
   a - Flight                         Charms/Air                   3
   b - Airstrike                      Air                          4
   c - Silence                        Hexes/Air                    5
   d - Deflect Missiles               Charms/Air                   6
   e - Conjure Ball Lightning         Conjuration/Air              6
   f - Tornado                        Air                          9
   Trog disapproves of the use of such an item.
Miscellaneous
 a - a box of beasts
 K - a phial of floods
Comestibles
 o - a bread ration
 x - 15 beef jerkies
 G - 2 meat rations


   Skills:
 + Level 14.0 Fighting
 + Level 15.0(15.1) Axes
 + Level 3.3(11.3) Maces & Flails
   Level 1.8(10.2) Polearms
 + Level 1.3 Throwing
 + Level 13.9 Armour
 + Level 9.0 Dodging
 + Level 3.3 Stealth
 + Level 8.4 Shields


You had 14 spell levels left.
You didn't know any spells.

Dungeon Overview and Level Annotations

Branches:
Dungeon (11/15)            Temple (0/1) D:6            Lair (8/8) D:10
 Shoals (0/5) Lair:5       Spider (2/5) Lair:4        Slime (0/6) Lair:7
    Orc: D:9-12

Altars:
Cheibriados
Dithmenos
Elyvilon
Fedhas
Gozag
Kikubaaqudgha
Makhleb
Nemelex Xobeh
Okawaru
Sif Muna
Trog
Zin
The Shining One

Shops:
D:5 [   D:7 ?

Annotations:
Lair:7 exclusion: 3 oklob plants
Abyss:1 Pikel


Innate Abilities, Weirdness & Mutations

You are resistant to torment.
You are immune to poison.
You can fly continuously.
Your stone body is very resilient (AC +11).
Your wings are large and strong.
You resist negative energy.
You are resistant to electric shocks.
You can survive without breathing.
You are immune to petrification.
You are immune to rotting.
You have a beak for a mouth.
Scrolls take you a little longer to read.
Space occasionally distorts in your vicinity.


Message History

The jumping spider pounces on you!
The jumping spider bites you but does no damage.
There is a web here.
You disentangle yourself.
The jumping spider leaps!
The jumping spider closely misses you.
The jumping spider bites you but does no damage.
The orb spider weaves a glowing orb of energy.
You slice the jumping spider!! Your peck misses the jumping spider.
The jumping spider is severely wounded.
You block the jumping spider's attack. x2
The jumping spider pounces on you.
You are caught in a web!
The jumping spider bites you but does no damage.
Unknown command.
You struggle to detach yourself from the web.
The jumping spider leaps!
The jumping spider pounces on you!
The jumping spider bites you but does no damage.
Unknown command.
You disentangle yourself.
The orb of destruction hits you!
Ouch! That really hurt!
You die...

.........^......
..........#.........
#......................
≈................./....
#...^.............s....
#..#....>........§§§....
##...#........s.†.§..^...
................§§.......
................@s.......
...............^s........
..........<.............
...#....................
.........#.#...............
.........###................
....#.#......................
................................
^...................^..........


You could see an orb spider and 3 jumping spiders.

Vanquished Creatures
  Gastronok (D:9)
  An emperor scorpion (Spider:2)
  Snorg (Spider:2)
  The ghost of aliceinspace the Nimble, a powerful DrFi of Okawaru (Lair:1)
  12 hydras
  Nessos (D:11)
  3 catoblepae (Lair:8)
  Erica (Lair:6)
  3 death yaks (Lair:8)
  Nergalle (Lair:8)
  Erolcha (D:9)
  An unseen horror (D:10)
  A lindwurm (Lair:1)
  5 orb spiders (Spider:1)
  2 ugly things
  8 wolf spiders
  6 elephants
  2 manticores (Lair:8)
  4 griffons
  15 spiny frogs
  A siren (Lair:5)
  Joseph (Lair:1)
  7 black mambas
  11 komodo dragons
  2 trolls (D:10)
  5 fire drakes
  5 demonic crawlers
  A merfolk (Lair:5)
  The ghost of aliceinspace the Shield-Bearer, an average DrFi (D:5)
  9 jumping spiders
  9 polar bears
  9 blink frogs
  4 basilisks
  A raiju (Lair:8)
  2 wyverns
  17 redbacks
  8 hippogriffs
  3 trapdoor spiders (Spider:1)
  A deep elf mage (D:9)
  7 wargs (Lair:8)
  7 tarantellas (Spider:1)
  35 yaks
  Menkaure (D:4)
  37 wolves
  The ghost of krupnik16 the Cudgeler, an average GrFi (D:3)
  11 porcupines
  2 orc warriors
  19 water moccasins
  4 hell hounds (Lair:8)
  15 black bears
  A necrophage (D:6)
  4 ice beasts
  10 spiders
  2 phantoms
  An ogre (D:6)
  3 wasps (Spider:1)
  3 slaves (D:7)
  8 centaurs
  19 crocodiles
  6 sky beasts
  15 giant frogs
  A gnoll sergeant (D:10)
  2 scorpions
  A wyvern skeleton (D:10)
  A water moccasin skeleton (D:5)
  8 wights
  4 electric eels
  A quasit (D:8)
  4 jellies
  3 crimson imps
  2 centaur zombies
  6 orc priests
  4 goliath beetles
  Crazy Yiuf (D:7)
  2 giant frog skeletons
  8 orc wizards
  8 iguanas
  23 hounds
  3 worker ants
  8 sheep (Lair:5)
  A hound zombie (D:10)
  3 mummies (Ossuary)
  A worker ant zombie (D:8)
  58 river rats
  2 giant mites (Lair:4)
  2 shadow imps
  23 adders
  2 worms
  2 adder zombies
  7 giant geckos
  55 orcs
  4 gnoll zombies (Ossuary)
  15 goblins
  14 hobgoblins
  18 kobolds
  14 quokkas
  2 ball pythons (D:3)
  11 bats
  11 giant cockroaches
  4 giant newts
  2 gnoll skeletons (Ossuary)
  2 goblin skeletons (Ossuary)
  3 goblin zombies (Ossuary)
  3 hobgoblin zombies
  16 jackals
  6 kobold skeletons (Ossuary)
  4 kobold zombies (Ossuary)
  3 orc skeletons (Ossuary)
  An orc zombie (D:6)
  18 rats
  7 rat skeletons (Ossuary)
  4 rat zombies (Ossuary)
  2 spectral orcs (Lair:8)
  6 fungi
  3 plants (Lair:8)
797 creatures vanquished.

Vanquished Creatures (collateral kills)
  2 hydras (Lair:7)
  A sky beast (D:11)
  A giant frog zombie (D:11)
  An orc (D:11)
5 creatures vanquished.

Vanquished Creatures (others)
  A fire crab (Lair:7)
  A slave (D:7)
  An orc warrior (D:7)
  An ice beast (D:8)
  A black bear (D:8)
  A water moccasin zombie (D:7)
  A crimson imp (D:8)
  An orc wizard (D:7)
  A mummy (Ossuary)
  An adder (Lair:7)
  An orc (D:5)
  A gnoll zombie (Ossuary)
  A goblin skeleton (Ossuary)
  A hobgoblin skeleton (Ossuary)
  A hobgoblin zombie (Ossuary)
  2 kobold skeletons (Ossuary)
  4 kobold zombies (Ossuary)
  An orc skeleton (Ossuary)
  An orc zombie (Ossuary)
  A rat zombie (Ossuary)
  9 fungi
  6 plants
39 creatures vanquished.

Grand Total: 841 creatures vanquished

Notes
Turn   | Place    | Note
--------------------------------------------------------------
     0 | D:1      | Gargoyl, the Gargoyle Berserker, began the quest for the Orb.
     0 | D:1      | Reached XP level 1. HP: 14/14 MP: 1/1
    38 | D:1      | HP: 1/21 [jackal (2)]
    75 | D:1      | Reached XP level 2. HP: 4/19 MP: 2/2
   474 | D:1      | Acquired Trog's second power
   510 | D:1      | Reached XP level 3. HP: 12/24 MP: 3/3
   890 | D:1      | Reached skill level 4 in Fighting
  1239 | D:2      | Found a white marble altar of Elyvilon.
  1381 | D:3      | Reached XP level 4. HP: 16/29 MP: 4/4
  1660 | D:3      | Found a sparkling altar of Nemelex Xobeh.
  1830 | D:3      | Noticed krupnik16's ghost (average GrFi)
  1848 | D:3      | HP: 2/45 [krupnik16's ghost (5)]
  1850 | D:3      | Killed krupnik16's ghost
  1850 | D:3      | Reached XP level 5. HP: 2/34 MP: 5/5
  1976 | D:3      | Reached XP level 6. HP: 17/40 MP: 6/6
  2588 | D:3      | Noticed a giant frog
  2611 | D:3      | Killed a giant frog
  2611 | D:3      | Reached skill level 5 in Fighting
  2611 | D:3      | Reached skill level 1 in Stealth
  2679 | D:4      | Acquired Trog's third power
  2784 | D:4      | Reached XP level 7. HP: 34/44 MP: 7/7
  3007 | D:4      | Found a bloodstained altar of Trog.
  3060 | D:4      | Found an ancient bone altar of Kikubaaqudgha.
  3060 | D:4      | Found a blossoming altar of Fedhas.
  3161 | D:4      | Noticed Menkaure
  3178 | D:4      | Killed Menkaure
  3673 | D:4      | Reached skill level 5 in Axes
  3701 | D:4      | Reached XP level 8. HP: 23/51 MP: 8/8
  3890 | D:5      | Entered Level 5 of the Dungeon
  3890 | D:5      | Noticed aliceinspace's ghost (average DrFi)
  3913 | D:5      | Reached skill level 6 in Fighting
  3987 | D:5      | Killed aliceinspace's ghost
  3987 | D:5      | Reached skill level 5 in Armour
  4354 | D:5      | Found Hodeq's Antique Armour Emporium.
  4397 | D:5      | Found an opulent altar of Gozag.
  4473 | D:5      | Found a burning altar of Makhleb.
  4473 | D:5      | Noticed a blizzard demon
  4476 | D:5      | Found a glowing silver altar of Zin.
  4476 | D:5      | Noticed an angel
  4573 | D:5      | Bought a pair of slimy gloves for 256 gold pieces
  4578 | D:5      | Identified the +3 pair of gloves "Emugiwk" {rPois MR- Int+8} (You bought it in a shop on level 5 of the Dungeon)
  4687 | D:6      | Found a snail-covered altar of Cheibriados.
  4927 | D:6      | Found an iron altar of Okawaru.
  5045 | D:6      | Found a sand-covered staircase.
  5051 | Ossuary  | Entered an ossuary
  5439 | D:6      | Reached XP level 9. HP: 56/56 MP: 9/9
  5454 | D:6      | Found a staircase to the Ecumenical Temple.
  5597 | D:6      | Reached skill level 7 in Fighting
  5702 | D:6      | Found a deep blue altar of Sif Muna.
  6102 | D:6      | Found a glowing golden altar of the Shining One.
  6294 | D:7      | Found Topregao's Magic Scroll Shop.
  6312 | D:7      | Noticed Pikel
  6411 | D:7      | Noticed Crazy Yiuf
  6422 | D:7      | Killed Crazy Yiuf
  6779 | D:7      | Banished Pikel
  6779 | D:7      | Reached skill level 1 in Polearms
  6779 | D:7      | Reached skill level 5 in Dodging
  7557 | D:8      | Reached skill level 1 in Shields
  7557 | D:8      | Reached XP level 10. HP: 56/64 MP: 10/10
  7688 | D:8      | Reached skill level 8 in Fighting
  8352 | D:9      | Noticed Gastronok
  8376 | D:9      | Killed Gastronok
  8376 | D:9      | Reached skill level 9 in Armour
  8778 | D:9      | Reached XP level 11. HP: 65/69 MP: 11/11
  8822 | D:9      | Reached skill level 1 in Throwing
  9022 | D:9      | Found a shadowy altar of Dithmenos.
  9072 | D:9      | Noticed a red ugly thing
  9090 | D:9      | Killed a red ugly thing
  9470 | D:9      | Noticed Erolcha
  9477 | D:9      | Killed Erolcha
  9541 | D:10     | Entered Level 10 of the Dungeon
  9684 | D:10     | Killed an unseen horror
  9728 | D:10     | Found a staircase to the Lair.
 10307 | D:10     | Reached skill level 10 in Armour
 11278 | D:11     | Noticed Nessos
 11288 | D:11     | Killed Nessos
 11288 | D:11     | Received a gift from Trog
 11288 | D:11     | Reached skill level 10 in Fighting
 11387 | Lair:1   | Entered Level 1 of the Lair of Beasts
 11450 | Lair:1   | Gained mutation: You are clumsy. (Dex -2) [potion of mutation]
 11450 | Lair:1   | Gained mutation: Space occasionally distorts in your vicinity. [potion of mutation]
 11450 | Lair:1   | Gained mutation: You have a beak for a mouth. [potion of mutation]
 11492 | Lair:1   | Lost mutation: You are clumsy. (Dex -2) [potion of mutation]
 11492 | Lair:1   | Gained mutation: Scrolls take you a little longer to read. [potion of mutation]
 11522 | Lair:1   | Noticed Joseph
 11541 | Lair:1   | Reached XP level 12. HP: 53/77 MP: 12/12
 11549 | Lair:1   | Killed Joseph
 11829 | Lair:1   | Noticed aliceinspace's ghost (powerful DrFi)
 11847 | Lair:1   | Killed aliceinspace's ghost
 12159 | Lair:1   | Noticed a lindwurm
 12168 | Lair:1   | Killed a lindwurm
 12356 | Lair:1   | Reached skill level 11 in Armour
 12716 | Lair:2   | Reached skill level 10 in Axes
 12807 | Lair:2   | Noticed a seven-headed hydra
 13097 | Lair:2   | Found a labyrinth entrance.
 13255 | Lair:2   | Killed a seven-headed hydra
 13255 | Lair:2   | Reached skill level 1 in Maces & Flails
 13481 | Lair:2   | Received a gift from Trog
 14842 | Lair:4   | Reached XP level 13. HP: 60/84 MP: 13/13
 14891 | Lair:4   | Reached skill level 12 in Armour
 14927 | Lair:4   | Received a gift from Trog
 14961 | Lair:4   | Noticed a six-headed hydra
 14985 | Lair:4   | Killed a six-headed hydra
 15311 | Lair:4   | Found a hole to the Spider Nest.
 16064 | Lair:5   | Received a gift from Trog
 16690 | Lair:5   | Found a staircase to the Shoals.
 16941 | Lair:6   | Found an iron altar of Okawaru.
 17257 | Lair:6   | Noticed Erica
 17264 | Lair:6   | Killed Erica
 17693 | Lair:6   | Received a gift from Trog
 18367 | Lair:7   | Got a crude amethyst amulet
 18475 | Lair:7   | Reached skill level 13 in Armour
 18536 | Lair:7   | Gained mutation: Your wings are large and strong. [gargoyle growth]
 18536 | Lair:7   | Reached XP level 14. HP: 52/92 MP: 14/14
 18729 | Lair:7   | Identified the amulet of the Commoners {rF+ Regen+} (You found it on level 7 of the Lair of Beasts)
 18880 | Lair:7   | Found a staircase to the Slime Pits.
 19016 | Lair:7   | Reached skill level 5 in Shields
 19424 | D:5      | Bought a plate armour for 621 gold pieces
 19763 | Lair:8   | Entered Level 8 of the Lair of Beasts
 19864 | Lair:8   | Received a gift from Trog
 20176 | Lair:8   | Noticed Nergalle
 20193 | Lair:8   | Killed Nergalle
 20501 | Lair:8   | Received a gift from Trog
 20902 | Lair:8   | Received a gift from Trog
 21139 | Lair:8   | Reached XP level 15. HP: 48/99 MP: 15/15
 21616 | Spider:1 | Entered Level 1 of the Spider Nest
 21622 | Spider:1 | Reached skill level 14 in Axes
 21937 | Spider:1 | Received a gift from Trog
 22899 | Spider:2 | Noticed Snorg
 22910 | Spider:2 | Killed Snorg
 23048 | Spider:2 | Reached skill level 15 in Axes
 23053 | Spider:2 | Blown up by an orb spider

Action                   |  1- 3 |  4- 6 |  7- 9 | 10-12 | 13-15 || total
-------------------------+-------+-------+-------+-------+-------++-------
Melee: Hand axe          |   118 |   175 |   601 |   195 |       ||  1089
       Spear             |       |       |   255 |       |       ||   255
       War axe           |       |       |       |   532 |   897 ||  1429
       Flail             |       |       |       |    45 |   175 ||   220
Throw: Tomahawk          |       |       |     4 |     3 |       ||     7
Invok: Berserk           |     1 |     2 |     1 |     4 |     2 ||    10
       Trog's Hand       |       |     3 |    10 |     9 |     7 ||    29
       Burn Spellbooks   |       |     1 |     2 |     2 |     1 ||     6
       Brothers in Arms  |       |       |       |     1 |     1 ||     2
 Abil: Fly               |       |       |       |       |     1 ||     1
  Use: Scroll            |       |     7 |     8 |     6 |     6 ||    27
       Potion            |       |       |     2 |    15 |     1 ||    18
 Stab: Petrifying        |       |       |       |       |     3 ||     3
  Eat: Bread ration      |     1 |     1 |       |     2 |     3 ||     7
       Beef jerky        |       |     1 |       |     4 |     4 ||     9
       Chunk             |       |       |     7 |     2 |       ||     9
       Fruit             |       |       |     3 |     3 |     9 ||    15
       Meat ration       |       |       |     2 |     2 |     1 ||     5
       Pizza             |       |       |       |     1 |     1 ||     2
